 Dungeon Sprint DCSS version 0.18.1-50-g88ac8fd (webtiles) character file.

813 Kagutsuchi the Fighter (level 7, -4/73 HPs)
             Began as a Purple Draconian Berserker on Oct 20, 2016.
             Was a Priest of Trog.
             Slain by a vampire mosquito (7 damage)
             ... in the Dungeon (Sprint II: "The Violet Keep of Menkaure").
             The game lasted 00:04:35 (218 turns).

Kagutsuchi the Fighter (Purple Draconian Berserker)  Turns: 218, Time: 00:04:38

Health: -4/73      AC:  6    Str: 19    XL:     7   Next: 61%
Magic:  7/7        EV: 17    Int:  8    God:    Trog [***...]
Gold:   597        SH:  0    Dex: 12    Spells: 0 memorised, 6 levels left

rFire  . . .     SeeInvis .     a - +0 falchion
rCold  . . .     Gourm    .     (armour unavailable)
rNeg   . . .     Faith    .     (no shield)
rPois  .         Spirit   .     (helmet restricted)
rElec  .         Dismiss  .     (no cloak)
rCorr  .         Reflect  .     (no gloves)
SustAt .         Harm     .     (no boots)
MR     +....     NoTele   +     (no amulet)
Stlth  +.........               (no ring)
                                (no ring)

@: somewhat resistant to hostile enchantments, very unstealthy
A: breathe power, unfitting armour, cold-blooded, AC +6
a: Breathe Dispelling Energy, Berserk, Trog's Hand, Burn Spellbooks, Renounce
Religion


You were in the Dungeon.
You worshipped Trog.
Trog was most pleased with you.
You were full.

You visited 1 branch You collected 729 gold pieces.
You spent 132 gold pieces at shops.

Inventory:

Hand Weapons
 a - a +0 falchion (weapon)
Scrolls
 h - a scroll of blinking
Potions
 e - a potion of haste
 f - 2 potions of magic
 g - a potion of berserk rage


   Skills:
 + Level 10.8 Fighting
 + Level 9.9 Long Blades
 + Level 9.8 Dodging
 + Level 0.2 Stealth


You had 6 spell levels left.
You didn't know any spells.

Dungeon Overview and Level Annotations

Branches:
Dungeon (1/1)

Altars:

Shops:
D [=:=:(%!!%}=:([?

Annotations:
D exclusion: oklob plant


Innate Abilities, Weirdness & Mutations

You can breathe bolts of dispelling energy.
Your rich purple scales are hard (AC +6).
Your body does not fit into most forms of armour.
You are cold-blooded and may be slowed by cold attacks.


Message History

The vampire mosquito barely misses you.
Your unstable footing causes you to fumble your attack.
The vampire mosquito barely misses you.
Your unstable footing causes you to fumble your attack.
The vampire mosquito bites you.
* * * LOW HITPOINT WARNING * * *
The vampire mosquito draws strength from your injuries!
The vampire mosquito misses you.
Drink which item? (? for menu, Esc to quit)
Okay, then.
Your unstable footing causes you to fumble your attack.
You have got your breath back.
The vampire mosquito completely misses you.
You hit the vampire mosquito.
The vampire mosquito is heavily damaged.
The vampire mosquito bites you.
* * * LOW HITPOINT WARNING * * *
The vampire mosquito draws strength from your injuries!
The vampire mosquito bites you!
You die...

##.∩...∩.∩#≈≈≈≈#.###.# ..#
##∩.∩.∩.∩.#≈≈####.#.####..##
##.∩.∩.∩..#≈##.###†###.##..#
##..∩.∩...#≈#..†##.##..##..#
##...⌠....'≈'##.'.<.†##.+..##
##........#≈#...##.##..##....
#▓▓▓▓▓▓▓###≈##.###+###.##....
##?ss######≈≈### B#. ###≈≈.§.
#=.%#G ##@≈≈#.§ B. ≈≈≈≈≈≈
#∩P(+G #y#≈##. $##≈≈≈≈≈≈≈
#$%. ? #)#≈≈## ##≈≈≈§≈§≈§
#[.$ ### ≈≈≈ ≈≈≈≈≈§§§§
+++#+++#§§≈≈≈≈ §


You could see a vampire mosquito.

Vanquished Creatures
  2 hippogriffs (D)
  Menkaure (D)
  4 necrophages (D)
  4 worker ants (D)
11 creatures vanquished.

Vanquished Creatures (others)
  A crocodile (D)
1 creature vanquished.

Grand Total: 12 creatures vanquished

Notes
Turn   | Place    | Note
--------------------------------------------------------------
     0 | D        | Kagutsuchi the Draconian Berserker began the quest for the Orb.
     0 | D        | Reached XP level 1. HP: 19/19 MP: 1/1
     1 | D        | Noticed a necrophage
     1 | D        | Noticed a necrophage
     1 | D        | Noticed a necrophage
     1 | D        | Noticed a necrophage
     7 | D        | Killed a necrophage
     7 | D        | Reached skill level 6 in Fighting
     7 | D        | Reached skill level 5 in Long Blades
     7 | D        | Reached skill level 5 in Dodging
     7 | D        | Reached XP level 2. HP: 20/30 MP: 2/2
     7 | D        | Reached XP level 3. HP: 25/37 MP: 3/3
     7 | D        | Reached XP level 4. HP: 30/44 MP: 4/4
    16 | D        | Killed a necrophage
    16 | D        | Reached skill level 7 in Fighting
    16 | D        | Reached XP level 5. HP: 13/51 MP: 5/5
    20 | D        | Killed a necrophage
    20 | D        | Reached skill level 8 in Fighting
    27 | D        | Killed a necrophage
    27 | D        | Reached skill level 9 in Fighting
    27 | D        | Reached XP level 6. HP: 33/63 MP: 6/6
    33 | D        | Found Busair's Jewellery Emporium.
    33 | D        | Found Haatareh's Antique Weapon Emporium.
    33 | D        | Found Tinarisa's Distillery.
    33 | D        | Found Picw's Magic Scroll Emporium.
    33 | D        | Found Qaelum's Gadget Shoppe.
    33 | D        | Found Iby Fokk's Book Shoppe.
    33 | D        | Found Zoph's Antique Armour Shoppe.
    34 | D        | Found Saugh's Food Emporium.
    34 | D        | Found Tityrphudec's Distillery.
    35 | D        | Found Kiuffodu's Food Shoppe.
    35 | D        | Found Qyex's Weapon Emporium.
    35 | D        | Noticed a redback
    37 | D        | Found Jirphoz's Book Emporium.
    37 | D        | Found Joukk's Jewellery Shoppe.
    37 | D        | Noticed Menkaure
    37 | D        | Noticed a redback
    37 | D        | Noticed an oklob plant
    38 | D        | Found Cyuka's Jewellery Shoppe.
    38 | D        | Found Ommaege's Book Shoppe.
    38 | D        | Found Waag's Antique Armour Emporium.
    39 | D        | Noticed a spiny frog
    40 | D        | Noticed a spiny frog
    43 | D        | Noticed a shining eye
    43 | D        | Noticed a shining eye
    45 | D        | Bought a potion of heal wounds for 60 gold pieces
    45 | D        | Bought 2 potions of curing for 72 gold pieces
    52 | D        | Killed Menkaure
    81 | D        | Noticed a hippogriff
    81 | D        | Noticed a hippogriff
    85 | D        | Noticed a boulder beetle
    85 | D        | Noticed a boulder beetle
    91 | D        | Reached skill level 10 in Fighting
   101 | D        | Reached ** piety under Trog
   101 | D        | Your scales start taking on a rich purple colour.
   101 | D        | Reached XP level 7. HP: 31/72 MP: 7/7
   162 | D        | Killed a hippogriff
   166 | D        | Killed a hippogriff
   166 | D        | Reached *** piety under Trog
   188 | D        | Noticed a vampire mosquito
   218 | D        | HP: 3/73 [vampire mosquito (5)]
   218 | D        | Slain by a vampire mosquito

Skill      XL: |  1  2  3  4  5  6  7 |
---------------+----------------------+-----
Fighting       | 6 7 9 10 | 10.8
Long Blades    | 5 6 8 9 |  9.9
Dodging        | 5 6 7 8 9 |  9.8
Stealth        | |  0.2

Action                   |  1- 3 |  4- 6 |  7- 9 || total
-------------------------+-------+-------+-------++-------
Melee: Falchion          |     4 |    34 |    45 ||    83
       Tailslap          |       |     7 |     5 ||    12
Invok: Berserk           |     1 |       |     1 ||     2
       Trog's Hand       |       |       |     1 ||     1
 Abil: Breathe Dispellin |       |       |     1 ||     1
  Use: Potion            |       |     2 |     3 ||     5
  Eat: Bread ration      |       |     1 |       ||     1
Armor: Skin              |     1 |     7 |     7 ||    15
Dodge: Dodged            |     4 |    26 |    46 ||    76
